Unix NetHack Version 5.0.0-0 post-release - last build Jun 10 2026 00:39:30 (3ee93aec679c4c4259841fe613dc97188e26a321,branch:main).

Game began 2026-06-13 15:51:08, ended 2026-06-13 16:54:11.

Denia, lawful female dwarven Valkyrie

                                                                   --------
                                                                ###-......|
                        ---------------------------------        # |......|
                        |...............................|        ##.<......#
                        |.----....-----.----|--..-----..|        # |......|#
                        |.|..|---.|...|.-..|..|..|(((|..|######### --------#
                        |.|..|(.|.|._.|.|..|..|..|(((|.oo#                ##
                        |.--||((|.|...|.--------.|...|..|@               ##
                        |....|..|.|...-....|...|.---|-..|####           ##
                        |.{..-|--.----|....-...|........|      #        #
                        |..........|..|-|-.-----..-----.|      ##       #-----
                        |....-|--..-..|..|........|.!%|.|       ##      #-...|
                        |.--||..|.----|..|--|-....-..%|.|        #       |...|
                        |.|.)|..|.|.?*|--|...|---.-----.|################)...|
                        |.|..|---.|..%|..|(((|  +.......|#        ##     |...|
                        |.|..|....-.).|..|((.|  |.......|#         ######|...|
                        |.----....-----|---------.....{.|#               -----
                        |...............................|#
                        ---------------------------------#

Denia the Skirmisher        St:14 Dx:13 Co:19 In:10 Wi:10 Ch:9  Lawful
Dlvl:6  $:0  HP:0(58) Pw:6(6) AC:5  Xp:5 T:3092  Fainted  Deaf

Latest messages:
 You swap places with your little dog.
 There is a doorway here.
 You see here an orcish dagger.
 The little dog misses the hill orc.
 The little dog misses the hill orc.
 It bites the hill orc.
 It bites the hill orc.
 You hear a chugging sound.
 You hear some noises.
 You faint from lack of food.
 The hill orc picks up an orcish dagger.
 The hill orc wields an orcish dagger!
 The hill orc thrusts his orcish dagger.
 The hill orc hits!
 The hill orc thrusts his orcish dagger.
 The hill orc hits!
 The hill orc thrusts his orcish dagger.
 The hill orc hits!
 The hill orc thrusts his orcish dagger.
 The hill orc hits!
 The hill orc thrusts his orcish dagger.
 The hill orc hits!
 It bites the hill orc.
 The hill orc thrusts his orcish dagger at it.
 The hill orc hits it.
 The hill orc thrusts his orcish dagger.
 The hill orc hits!
 It misses the hill orc.
 It misses the hill orc.
 The hill orc thrusts his orcish dagger.
 The hill orc hits!
 The hill orc thrusts his orcish dagger.
 The hill orc hits!
 The hill orc thrusts his orcish dagger.
 The hill orc hits!
 It bites the hill orc.
 The hill orc thrusts his orcish dagger at it.
 The hill orc hits it.
 The hill orc throws an orcish dagger!
 The orcish dagger hits the hill orc.
 The hill orc thrusts his orcish dagger.
 The hill orc hits!
 The hill orc thrusts his orcish dagger.
 The hill orc hits!
 You die...
 Do you want your possessions identified? [ynq] (y) y
 Do you want to see your attributes? [ynq] (y) y
 Do you want an account of creatures vanquished? [ynaq] (y) y
 Do you want to see your conduct and achievements? [ynq] (y) y
 Do you want to see the dungeon overview? [ynq] (y) y

Inventory:
 Weapons  (')')
  b - a +0 dagger (alternate weapon; not wielded)
  a - a +1 dwarvish spear (weapon in right hand)
 Armor    ('[')
  e - an uncursed +0 orcish helm (being worn)
  c - an uncursed +3 small shield (being worn)
 Comestibles  ('%')
  d - 2 uncursed food rations
 Scrolls  ('?')
  m - an uncursed scroll of destroy armor
  h - a cursed scroll of fire
  n - a cursed scroll of identify
  o - an uncursed scroll of light
 Potions  ('!')
  j - an uncursed potion of confusion
  i - 3 uncursed potions of healing
 Wands    ('/')
  r - a wand of secret door detection (0:11)
 Tools    ('(')
  f - an uncursed skeleton key
 Gems/Stones  ('*')
  p - 2 uncursed garnet stones
  g - an uncursed worthless piece of yellow glass

Denia the Valkyrie's attributes:

Background:
 You were a Skirmisher, a level 5 dwarven Valkyrie.
 You were lawful, nominally on a mission for Tyr
 who was opposed by Odin (neutral) and Loki (chaotic).
 You were right-handed.
 You were in the Gnomish Mines, on level 6.
 You entered the dungeon 3092 turns ago.
 You had 266 experience points, 54 more were needed to attain level 6.

Basics:
 You had 0 out of 58 hit points.
 You had all 6 energy points (spell power).
 Your armor class was 5.
 Your wallet was empty.
 Autopickup was off.

Final Characteristics:
 Your strength was 14 (base:15, limit:18/100).
 Your dexterity was 13 (limit:20).
 Your constitution was 19 (limit:20).
 Your intelligence was 10 (limit:16).
 Your wisdom was 10 (limit:16).
 Your charisma was 9 (limit:16).

Final Status:
 You were deaf.
 You were fainted due to starvation.
 You were unencumbered.
 You were wielding a spear.
 You had basic skill with spear and could have enhanced that.

Final Attributes:
 You were piously aligned.
 You were cold resistant.
 You were telepathic.
 You had infravision.
 You were stealthy.
 You are dead.

Miscellaneous:
 You didn't encounter any bones levels.
 Total elapsed playing time was 1 hour, 3 minutes and 2 seconds.

Major events:
 Turn
    1: Denia the lawful dwarven Valkyrie entered the dungeon
  710: entered the Gnomish Mines
  801: attained the rank of Skirmisher (level 3)
  932: reached Mine Town
 3092: killed by a hill orc, while fainted from lack of food

You didn't know any spells.

Skills:
 Fighting Skills
   bare handed combat [Unskilled]
   two weapon combat  [Unskilled]
   riding             [Unskilled]
 Weapon Skills
   dagger             [Basic]
   axe                [Unskilled]
   pick-axe           [Unskilled]
   short sword        [Unskilled]
   broadsword         [Unskilled]
   long sword         [Unskilled]
   two-handed sword   [Unskilled]
   saber              [Unskilled]
   hammer             [Unskilled]
   quarterstaff       [Unskilled]
   polearms           [Unskilled]
   spear              [Basic]
   trident            [Unskilled]
   lance              [Unskilled]
   sling              [Unskilled]
 Spellcasting Skills
   attack spells      [Unskilled]
   escape spells      [Unskilled]

Voluntary challenges:
 Character rerolling was not enabled.
 You were an atheist.
 You never genocided any monsters.
 You never polymorphed an object.
 You never changed form.
 You used no wishes.
Achievements:
 You entered the Gnomish Mines.
 You attained the rank of Skirmisher.
 You entered Minetown.
 You entered a shop.
 You entered a temple.

 The Dungeons of Doom: levels 1 to 3
    Level 1:
       A fountain.
    Level 2:
       A fountain.
    Level 3:
       Stairs down to The Gnomish Mines.
 The Gnomish Mines: levels 4 to 6
    Level 4:
    Level 5:
    Level 6: <- You were here.
       Many shops, a temple and an altar to Tyr, some fountains.
       Final resting place for
          you, killed by a hill orc, while fainted from lack of food.


Vanquished creatures:
  2 small mimics
  a leprechaun
  3 human zombies
  a shrieker
  a gnome leader
  a gnomish wizard
 an elf zombie
  a ghoul
  a floating eye
  a kitten
  3 hill orcs
  a rabid rat
  2 coyotes
  a large kobold
  a giant rat
  a brown mold
  3 gnomes
  5 geckos
  5 jackals
  2 foxes
  a kobold
  3 goblins
  a grid bug
  a lichen
  5 newts
48 creatures vanquished.

No species were genocided or became extinct.

Game over:
                       ----------
                      /          \
                     /    REST    \
                    /      IN      \
                   /     PEACE      \
                  /                  \
                  |      Denia       |
                  |       0 Au       |
                  | killed by a hill |
                  |       orc        |
                  |                  |
                  |                  |
                  |       2026       |
                 *|     *  *  *      | *
        _________)/\\_//(\/(/\)/\//\/|_)_______

Farvel Denia the Valkyrie...

You died in The Gnomish Mines on dungeon level 6 with 1324 points,
and 0 pieces of gold, after 3092 moves.
You were level 5 with a maximum of 58 hit points when you died.

